 Dungeon Crawl Stone Soup version 0.30-a0-269-gf0224bf7b6 (webtiles) character file.

Game seed: 780002402074644976

973 Juicyj the Grappler (level 8, -2/67 HPs)
             Began as a Ghoul Monk on Oct 14, 2022.
             Slain by an orc wizard
             ... wielding a +0 dagger
              (4 damage)
             ... on level 6 of the Dungeon.
             The game lasted 00:10:08 (3768 turns).

Juicyj the Grappler (Ghoul Monk)                    Turns: 3768, Time: 00:10:09

Health: -2/67      AC:  7    Str: 15    XL:     8   Next: 16%
Magic:  7/7        EV: 13    Int:  5    God:
Gold:   221        SH:  0    Dex: 13    Spells: 7/7 levels left

rFire   . . .      SeeInvis .      - Unarmed
rCold   + + .      Faith    .    (no shield)
rNeg    + + +      Spirit   .    a - +1 robe
rPois   ∞          Reflect  .    (no helmet)
rElec   .          Harm     .    (no cloak)
rCorr   .          Rampage  .    (no gloves)
Will    .....                    (no boots)
Stlth   +++.......               (no amulet)
HPRegen 0.00/turn                d - +4 ring of protection
MPRegen 0.10/turn                o - ring of protection from cold

@: inhibited regen
A: claws 1, cold resistance 1, negative energy resistance 3, inhibited
regeneration, torment resistance 2, devour on kill
a: no special abilities


You were on level 6 of the Dungeon.
You visited 1 branch of the dungeon, and saw 6 of its levels.

You collected 221 gold pieces.

Inventory:

Hand Weapons
 e - a +0 sling of freezing
Missiles
 f - a throwing net (quivered)
 m - 3 poisoned darts
Armour
 a - a +1 robe (worn)
 l - the +1 leather armour "Gemofum" {*Slow rN+ Int+3}
   (You found it on level 5 of the Dungeon)

   Int:       It affects your intelligence (+3).
   rN:        It protects you from negative energy.
   *Slow:     It may slow you when you take damage.
Jewellery
 d - a +4 ring of protection (left claw)
 o - a ring of protection from cold (right claw)
Wands
 q - a wand of roots (3)
Scrolls
 c - a scroll of silence
 h - a scroll of blinking
 j - 4 scrolls of teleportation
 k - 2 scrolls of fear
 r - a scroll of amnesia
Potions
 b - 2 potions of ambrosia
 g - a potion of resistance
 i - a potion of lignification
 n - a potion of curing
 p - a potion of attraction


   Skills:
 + Level 4.3 Fighting
 + Level 0.9 Ranged Weapons
 + Level 4.1 Dodging
 + Level 4.7 Stealth
 + Level 8.4 Unarmed Combat


You had 7 spell levels left.
You didn't know any spells.
Your spell library contained the following spells:

 Spells                   Type           Power      Damage    Failure   Level
 Kiss of Death            Conj/Necr      0%         2d5       47%         1
 Confusing Touch          Hex            0%         N/A       85%         3
 Gell's Gravitas          Tloc           0%         N/A       85%         3
 Teleport Other           Tloc           0%         N/A       85%         3
 Dispel Undead            Necr           0%         3d6       99%         4
 Dispersal                Tloc           0%         N/A       100%        6


Dungeon Overview and Level Annotations

Branches:
Dungeon (6/15)
 Temple: D:4-7

Altars:


Innate Abilities, Weirdness & Mutations

You are immune to poison.
You have sharp fingernails.
Your flesh is cold resistant. (rC+)
You are immune to negative energy. (rN+++)
You do not regenerate when monsters are visible.
You are immune to unholy pain and torment.
You thrive by killing the living.


Message History

The orc wizard gestures wildly while chanting.
The orc wizard flickers and vanishes!
The orc wizard gestures wildly while chanting.
The orc wizard flickers and vanishes!
You claw something!
You feel better.
Reactivating autopickup.
You feel a bit more experienced.
You hear some strange, mumbled words.
A puff of flame appears from out of thin air!
Deactivating autopickup; reactivate with Ctrl-A.
The puff of flame hits you!
* * * LOW HITPOINT WARNING * * *
Aiming: Fastroot
Press: ? - help, Q - select action, (/) - cycle Shift-Dir - straight line, f - orc
Aim: an orc, wielding a +0 club The roots erupt in riotous growth!
You hear a loud, deep croak!
Something hits you but does no damage.
Aiming: Fastroot
Press: ? - help, Q - select action, (/) - cycle Shift-Dir - straight line, f/p - orc
Aim: an orc, wielding a +0 club The roots erupt in riotous growth!
You hear an angry growl.
Something hits you but does no damage.
Aiming: Fastroot
Press: ? - help, Q - select action, (/) - cycle Shift-Dir - straight line, f/p - orc
Aim: an orc, wielding a +0 club
Okay, then.
Something hits you but does no damage. The orc hits you but does no damage.
Items here: ))))) ? [[[ ††††.
You scratch the orc.
The orc is severely wounded.
Something hits you.
* * * LOW HITPOINT WARNING * * *
You claw the orc!
You kill the orc!
Something hits you but does no damage.
A black bear comes into view.
Something hits you.
You die...

.... # ...
########....
#.##...<....#
##..#g########
#.....##
#...#..##
.....#))#..#
#... ##.##.###
### #.@)...#
####...#
###o...#
#....# ....h..
....$...
........
#........


You could see a black bear and an orc.

Vanquished Creatures
  A black bear (D:4)
  An ogre (D:5)
  A necrophage (D:5)
  A scorpion (D:4)
  4 hounds
  An orc priest (D:6)
  2 jellies (D:4)
  A gnoll bouda (D:6)
  5 iguanas
  An orc wizard (D:6)
  Natasha (thrice) (D:4)
  6 adders
  2 gnolls (D:6)
  A shadow imp (D:5)
  An ufetubus (D:4)
  2 worms (D:3)
  2 dart slugs
  14 orcs
  4 ball pythons
  7 bats
  6 endoplasms
  9 giant cockroaches
  6 goblins
  6 hobgoblins
  11 jackals
  8 quokkas
  A frilled lizard (D:2)
  3 kobolds
  7 rats
117 creatures vanquished.

Notes
Turn   | Place    | Note
-------+----------+-------------------------------------------
     0 | D:1      | Juicyj the Ghoul Monk began the quest for the Orb.
     0 | D:1      | Reached XP level 1. HP: 19/19 MP: 0/0
    43 | D:1      | Found a faded altar of an unknown god.
    62 | D:1      | Reached XP level 2. HP: 5/26 MP: 1/1
   790 | D:2      | Reached XP level 3. HP: 13/31 MP: 2/2
   802 | D:2      | Reached skill level 4 in Unarmed Combat
  1375 | D:3      | Reached XP level 4. HP: 40/40 MP: 3/3
  1996 | D:4      | Reached skill level 5 in Unarmed Combat
  1996 | D:4      | Reached XP level 5. HP: 46/46 MP: 4/4
  2067 | D:4      | Reached XP level 6. HP: 36/52 MP: 5/5
  2228 | D:4      | Noticed Natasha
  2232 | D:4      | Killed Natasha
  2233 | D:4      | Reached skill level 6 in Unarmed Combat
  2344 | D:4      | Noticed a black bear
  2351 | D:4      | Killed a black bear
  2385 | D:4      | Noticed Natasha
  2400 | D:4      | Killed Natasha
  2693 | D:4      | Noticed Natasha
  2699 | D:4      | Killed Natasha
  2700 | D:4      | Reached XP level 7. HP: 52/59 MP: 6/6
  2735 | D:5      | Entered Level 5 of the Dungeon
  2825 | D:5      | Reached skill level 7 in Unarmed Combat
  3381 | D:5      | Identified the +1 leather armour "Gemofum" {*Slow rN+
                  | Int+3}
  3482 | D:5      | Reached skill level 8 in Unarmed Combat
  3733 | D:6      | Reached XP level 8. HP: 11/67 MP: 7/7
  3766 | D:6      | HP: 2/67 [something (2)]
  3768 | D:6      | Slain by an orc wizard

Illustrated notes

Levels and vault maps discovered:
D:1:      dpeg_arrival_boxorama, layout_loops_ring,
          dreamdust_ecumenical_altar_statues
D:2:      layout_rooms
D:3:      layout_basic, mainiacjoe_overflow_catwalk, minmay_surrounded
D:4:      layout_basic, uniq_natasha
D:5:      layout_loops_corners
D:6:      layout_rooms, nicolae_ossuary_entry_giza, kennysheep_another_room,
          nicolae_shop_vocational, uniq_sigmund, uniq_maggie

Skill      XL: |  1  2  3  4  5  6  7 |
---------------+----------------------+-----
Dodging        | 3 4 |  4.1
Unarmed Combat | 4 5 6 8 |  8.4
Stealth        | 3 4 |  4.7
Fighting       | 4 |  4.3
Ranged Weapons | |  0.9

Action                   |  1- 3 |  4- 6 |  7- 9 || total
-------------------------+-------+-------+-------++-------
Melee: Unarmed           |    95 |   144 |   100 ||   339
       Punch             |     1 |     3 |     9 ||    13
 Fire: Sling             |    24 |       |       ||    24
Evoke: Wand              |       |       |     5 ||     5
  Use: Scroll            |     5 |       |     4 ||     9
       Potion            |     2 |       |     2 ||     4
 Stab: Sleeping          |     6 |     5 |     4 ||    15
Armor: Robe              |    59 |    53 |    32 ||   144
Dodge: Dodged            |    88 |    78 |    49 ||   215

Table legend: (Time is in decaauts)
 A = Elapsed time spent in this place.
 B = Non-inter-level travel time spent in this place.
 C = Inter-level travel time spent in this place.
 D = Time resting spent in this place.
 E = Time spent auto-exploring this place.
 F = Levels seen in this place.
 G = Mean time per level.
                   A        B        C        D        E       F      G
               +--------+--------+--------+--------+--------+-----+--------+
         Total |   3739 |   3435 |    304 |     86 |   2561 |   6 |  623.2 |
       Dungeon |   3739 |   3435 |    304 |     86 |   2561 |   6 |  623.2 |
               +--------+--------+--------+--------+--------+-----+--------+

Top non-repeatable levels by time:
     D:5: 955 daAuts
     D:1: 762 daAuts
     D:4: 735 daAuts
     D:3: 656 daAuts
     D:2: 567 daAuts
     D:6: 62 daAuts
